[Event "*** Titled Tuesday Blitz"]
[Site "Chess.com"]
[Date "2021.03.30"]
[Round "7"]
[White "CraiggoryC"]
[Black "Blitzking642"]
[Result "0-1"]
[WhiteElo "2265"]
[BlackElo "2438"]
[TimeControl "180+1"]
[EndTime "11:18:30 PDT"]
[Termination "Blitzking642 won on time"]

1. e4 e6 2. d4 d5 3. e5 c5 4. c3 Nc6 5. Nf3 Qb6 6. a3 c4 7.
Nbd2 Na5 8. g3 Bd7 9. Bg2 Ne7 10. O-O Nc8 11. Re1 Qc7 12. h4 Nb6 13. Rb1 Ba4 14. Qe2 h6 15. Nf1 O-O-O 16. Bf4 Be7 17. h5 g5 18. hxg6 fxg6 19. Bh3 Bd7 20. g4 g5 21.
Bg3 Rdg8 22. N3h2 Be8 23. Ne3 Bg6 24. Rbd1 Bd3 25. Rxd3 cxd3 26. Qxd3 Nac4 27. Nxc4 Qxc4 28. Qxc4+ Nxc4 29. Re2 Rf8 30. Nf1 Kd7 31. Ne3 Nxe3 32. fxe3 Rf3 33. Kg2 Rf7 34. Rf2 Rxf2+ 35. Kxf2 b5 36.
Bf1 Rb8 37. Be2 a5 38. Ke1 b4 39. axb4 axb4 40. Kd2 bxc3+ 41. bxc3 Rb2+ 42. Kd3 Bd8 43. Bf3 Ba5 44. e4 dxe4+ 45. Bxe4 Rb3 46. Be1 Rb1 47.
Kd2 Bxc3+ 48. Kxc3 Rxe1 0-1

[Event "*** Titled Tuesday Blitz"]
[Site "Chess.com"]
[Date "2021.03.30"]
[Round "7"]
[White "Leonid_Starozhilov"]
[Black "ChristopherYoo"]
[Result "1-0"]
[WhiteElo "2728"]
[BlackElo "2906"]
[TimeControl "180+1"]
[EndTime "11:18:31 PDT"]
[Termination "Leonid_Starozhilov won by checkmate"]

1. e4 c5 2. Nf3 e6 3. c4 Nf6 4. Nc3 d5 5. cxd5 exd5 6. exd5 Nxd5 7. Bb5+ Bd7 8. Qe2+ Ne7 9. d4 Bxb5 10. Qxb5+ Qd7 11. dxc5 Nec6 12. O-O Be7 13. Rd1 Qc8 14. Bf4 O-O 15.
Bd6 Na6 16. Nd5 Re8 17. Nxe7+ Nxe7 18. Re1 Qc6 19. Qc4 Qd5 20. Qg4 Nc6 21. Qd7 Red8 22. Qxb7 Nab4 23. Rad1 Qxa2 24. Qb5 a6 25. Qe2 Qb3 26.
h4 h6 27. h5 a5 28. Nd4 Nxd4 29. Rxd4 Nc2 30. Rd3 Qa4 31. Rc1 Nb4 32. Rg3 Nc6 33.
Rc4 Qa1+ 34. Kh2 Qb1 35. Rcg4 g5 36. hxg6 Re8 37. gxf7+ Kxf7 38. Rg7+ Kf6 39. Qf3+ Ke6 40. Qxc6 Rac8 41. R3g6+ Kf5 42. Qf3# 1-0

[Event "*** Titled Tuesday Blitz"]
[Site "Chess.com"]
[Date "2021.03.30"]
[Round "7"]
[White "AniJak"]
[Black "lucachess49"]
[Result "0-1"]
[WhiteElo "2309"]
[BlackElo "2438"]
[TimeControl "180+1"]
[EndTime "11:18:31 PDT"]
[Termination "lucachess49 won by checkmate"]

1. e4 e5 2. Nf3 Nc6 3. Bb5 a6 4. Ba4 Nf6 5. d3 d6 6. O-O g6 7. c3 Bg7 8. Re1 O-O 9. Nbd2 b5 10. Bc2 Re8 11. Nf1 Bb7 12. d4 exd4 13. cxd4 Nb4 14.
Ng3 Nxc2 15. Qxc2 Rc8 16. Bg5 h6 17. Bxf6 Qxf6 18. Rad1 c5 19. e5 Qf4 20. Ne2 Qe4 21. Qxe4 Bxe4 22. exd6 Red8 23. dxc5 Bxf3 24. gxf3 Rxc5 25. Nf4 Re5 26. Nd5 Rxe1+ 27. Rxe1 Rxd6 28. Ne7+ Kf8 29. b3 Bd4 30. Kf1 Bc5 31. Rc1 Ba3 32. Rc7 Rd1+ 33. Kg2 Ra1 34. Nd5 Rxa2 35. Rc6 Bb2 36. Nb6 a5 37. Nd7+ Kg7 38. Ne5 Bxe5 39. Rc5 Bf6 40. Rxb5 Bc3 41. Kg3 Bd4 42. Kg4 Bxf2 43.
h4 h5+ 44. Kg5 Be3+ 45. f4 Rg2# 0-1

[Event "*** Titled Tuesday Blitz"]
[Site "Chess.com"]
[Date "2021.03.30"]
[Round "7"]
[White "Keks2017"]
[Black "chesslh19"]
[Result "1-0"]
[WhiteElo "2488"]
[BlackElo "2241"]
[TimeControl "180+1"]
[EndTime "11:18:32 PDT"]
[Termination "Keks2017 won by resignation"]

1. e4 e5 2. Nf3 Nf6 3. Nxe5 d6 4. Nf3 Nxe4 5. Nc3 Nxc3 6. dxc3 Be7 7. Be3 Nc6 8. Qd2 Be6 9. O-O-O Qd7 10. Kb1 Bf6 11.
h3 O-O-O 12. g4 Kb8 13. Ng5 Bxg5 14. Bxg5 f6 15. Be3 h5 16. g5 Ne5 17. gxf6 gxf6 18. b3 Qc6 19. Be2 Qd7 20. f4 Nc6 21. Bf1 Rhg8 22. Qf2 a6 23. Kb2 Ne7 24. Ba7+ Kc8 25. Bd4 Rdf8 26. Bg2 Bd5 27. Bxd5 Nxd5 28. c4 Ne7 29.
Bc3 Nf5 30. Qa7 Qc6 31. Rhe1 Kd7 32. Qf2 Re8 33. Rxe8 Rxe8 34. Re1 Rxe1 35. Qxe1 Qf3 36. Bxf6 Qxf4 37. Bc3 Qe3 38. Qf1 Qe6 39. Qg2 Ne7 40. Qxb7 Qxh3 41. Qxa6 Qe6 42. Qb5+ c6 43. Qxh5 d5 44.
cxd5 Nxd5 45. Qh7+ Kc8 46. Qd3 Nxc3 47. Qxc3 Kb7 48. a4 Qd5 49. b4 Qd1 50. Qg7+ Kb6 51. Qe5 Qd7 52. Qc5+ Kb7 53. b5 cxb5 54. Qxb5+ Qxb5+ 55.
axb5 Kb6 56. c4 1-0

[Event "*** Titled Tuesday Blitz"]
[Site "Chess.com"]
[Date "2021.03.30"]
[Round "7"]
[White "bolence16"]
[Black "Harry_Rakkel"]
[Result "1-0"]
[WhiteElo "2448"]
[BlackElo "2589"]
[TimeControl "180+1"]
[EndTime "11:18:33 PDT"]
[Termination "bolence16 won on time"]

1. e4 d6 2. d4 Nf6 3. Nc3 g6 4. f4 Bg7 5. Nf3 O-O 6. Be3 b6 7. Qd2 c5 8. dxc5 bxc5 9. e5 Ng4 10. O-O-O Bb7 11. Bxc5 Nd7 12. Ba3 Rc8 13. h3 Nh6 14.
Bb5 Nf5 15. Rhe1 Bxf3 16. gxf3 Nb6 17. Nd5 Nxd5 18. Qxd5 e6 19. Qd3 Qb6 20. Kb1 Rfd8 21. c4 a6 22. Ba4 dxe5 23. Qe4 exf4 24. c5 Qb8 25. c6 Rxd1+ 26. Rxd1 Ne3 27. Rd7 Nd5 28.
Rb7 Qa8 29. Bb3 Rxc6 30. Bxd5 exd5 31. Qe7 Rf6 32. Qc7 Qe8 33. Rb8 Re6 34. Rxe8+ Rxe8 35. Qd7 Re1+ 36. Kc2 h5 37. Qd8+ Kh7 38. Qxd5 Re3 39.
Bc5 Re2+ 40. Kd3 Rxb2 41. Qxf7 Kh6 42. Bd4 Bxd4 43. Kxd4 1-0

[Event "*** Titled Tuesday Blitz"]
[Site "Chess.com"]
[Date "2021.03.30"]
[Round "7"]
[White "KNCP_719"]
[Black "Cambek64"]
[Result "0-1"]
[WhiteElo "2622"]
[BlackElo "2481"]
[TimeControl "180+1"]
[EndTime "11:18:34 PDT"]
[Termination "Cambek64 won by resignation"]

1. e4 e6 2. c4 c5 3. Nc3 Nc6 4.
g3 g6 5. Bg2 Bg7 6. Nge2 d6 7.
d3 Nge7 8. Be3 Nd4 9. Qd2 O-O 10. O-O Nec6 11. Bh6 Rb8 12. Bxg7 Kxg7 13. Nxd4 Nxd4 14.
Ne2 Nxe2+ 15. Qxe2 e5 16. f4 f6 17. a4 a6 18. Qd2 Bd7 19. b4 b6 20. a5 cxb4 21.
Qxb4 Qc7 22. axb6 Qxb6+ 23. Qxb6 Rxb6 24. Ra3 Rfb8 25. Rfa1 Bc8 26. Bf1 Rb2 27. R3a2 Rxa2 28. Rxa2 Kf8 29. Kf2 Ke7 30. Be2 Kd8 31. Bd1 Kc7 32.
Ba4 Rb4 33. Be8 Kb6 34. Ke3 a5 35. Bf7 Bd7 36. Bg8 h6 37. Ra3 a4 38. d4 Ka5 39.
Kd3 Rb1 40. fxe5 fxe5 41. dxe5 dxe5 42. c5 Kb4 43. Ra2 Kxc5 44. Rc2+ Kd6 45. Ra2 Rb4 46.
Bd5 Be6 47. Kc3 Rd4 48. Bxe6 Kxe6 49. Rb2 Rxe4 50. Rb6+ Kf5 51. Kd3 Rd4+ 52. Ke3 h5 53. h3 h4 54. g4+ Kg5 55. Ra6 Rb4 56. Ra5 Rb3+ 57. Ke4 Rxh3 58. Rxa4 Kxg4 59. Kxe5+ Kg5 60.
Ra1 Re3+ 61. Kd4 Re8 62. Rg1+ Kh5 63. Rf1 g5 0-1

[Event "*** Titled Tuesday Blitz"]
[Site "Chess.com"]
[Date "2021.03.30"]
[Round "7"]
[White "Pelopidass"]
[Black "attack2mateU"]
[Result "1/2-1/2"]
[WhiteElo "2579"]
[BlackElo "2742"]
[TimeControl "180+1"]
[EndTime "11:18:35 PDT"]
[Termination "Game drawn by repetition"]

1. d4 Nf6 2. Nf3 g6 3. g3 Bg7 4. Bg2 O-O 5. O-O d5 6. c4 dxc4 7. Na3 c3 8. bxc3 c5 9. Ne5 Nc6 10. Nac4 Be6 11. Nxc6 bxc6 12. Ne5 Nd5 13. Qd2 Qc7 14.
Ba3 Bxe5 15. dxe5 Qa5 16. Bxd5 cxd5 17. Bc1 Rfd8 18. Qe3 Rd7 19. h4 Rad8 20. h5 d4 21. cxd4 cxd4 22. Qg5 Bh3 23. Rd1 Qd5 24. f3 Qc4 25.
Rd3 Bf5 26. Rd2 Qc5 27. g4 Be6 28. Kg2 d3 29. e3 Rc8 30. hxg6 hxg6 31. Bb2 Qb4 32.
e4 Rc2 33. Rd1 Qxb2 34. Kg3 Rxd2 35. Rxd2 Qc1 36. Qh6 Qg1+ 37. Kf4 f6 38. Qxg6+ Kf8 39. Qh6+ Ke8 40. Qh8+ Kf7 41. Qh7+ Kf8 42. Qh6+ Kg8 43. Qg6+ Kf8 44. Qh6+ 1/2-1/2

[Event "*** Titled Tuesday Blitz"]
[Site "Chess.com"]
[Date "2021.03.30"]
[Round "7"]
[White "Gabix_94"]
[Black "Gnechko_Ruslan"]
[Result "0-1"]
[WhiteElo "2755"]
[BlackElo "2475"]
[TimeControl "180+1"]
[EndTime "11:18:37 PDT"]
[Termination "Gnechko_Ruslan won by resignation"]

1. e4 e6 2. d4 d5 3. Bd3 dxe4 4.
Bxe4 Nf6 5. Bf3 c5 6. Ne2 Nc6 7. Be3 cxd4 8. Nxd4 Bd7 9. Nc3 Bb4 10. Nb5 O-O 11. a3 Bxc3+ 12. Nxc3 Ne5 13. Be2 Bc6 14. O-O Qe7 15. Qd4 Ng6 16. Rad1 Rfd8 17. Qb4 Qc7 18. Rxd8+ Qxd8 19. Rd1 Qc7 20. h3 h6 21. a4 Qe5 22.
Qc5 Qxc5 23. Bxc5 a6 24. a5 Rc8 25. Bb6 Nd5 26. Nxd5 Bxd5 27. c4 Bc6 28. f3 Nf4 29. Bf1 e5 30. Kf2 f5 31. b4 e4 32. fxe4 Bxe4 33.
g3 Ne6 34. Rd6 Kf7 35. c5 Ke7 36. Bc4 Ng5 37. h4 Nf7 38. Re6+ Kf8 39. b5 axb5 40. Bxb5 g5 41. hxg5 hxg5 42. g4 Bd5 43. Rf6 fxg4 44. Bd7 Ra8 45. Kg3 Ke7 46. Rxf7+ Bxf7 47. Bxg4 Bd5 48.
Bf5 Kf6 49. Bd3 Re8 50. a6 Re3+ 51. Kf2 Rxd3 52. c6 bxc6 53. Bc5 Rd2+ 54. Ke3 Ra2 55. a7 Kf5 56. Kd4 g4 57. Ba3 Rxa3 0-1

[Event "*** Titled Tuesday Blitz"]
[Site "Chess.com"]
[Date "2021.03.30"]
[Round "7"]
[White "NoGuru"]
[Black "Bhagya_2312"]
[Result "0-1"]
[WhiteElo "2321"]
[BlackElo "2180"]
[TimeControl "180+1"]
[EndTime "11:18:37 PDT"]
[Termination "Bhagya_2312 won by checkmate"]

1. Nf3 d5 2. c4 e6 3. e3 Nf6 4. Nc3 c5 5. cxd5 exd5 6. d4 a6 7. a3 Nc6 8. Be2 c4 9. O-O Bf5 10. Ne5 Rc8 11. b3 b5 12. bxc4 bxc4 13. Qa4 Qd6 14. f4 Nd7 15. Qxa6 Ndb8 16. Qa4 f6 17. Bf3 fxe5 18. fxe5 Qg6 19. Bxd5 Be7 20. e4 Be6 21.
Bxe6 Qxe6 22. Be3 Qd7 23. Rab1 Rf8 24. Rfd1 Nd8 25. Nd5 Qxa4 26. Rdc1 Qxa3 27. Rc3 Qa2 28. Rbc1 Qe2 29. Nf4 Rxf4 30. Bxf4 Bb4 31. R3c2 Qxe4 32. Bg3 Qxd4+ 33. Kh1 c3 34. Bf2 Qd3 35. e6 Nxe6 36. Ra2 c2 37. Bg3 Qd1+ 38. Be1 Qxc1 39. h3 Qxe1+ 40.
Kh2 Bd6+ 41. g3 Qf2+ 42. Kh1 c1=Q# 0-1

[Event "*** Titled Tuesday Blitz"]
[Site "Chess.com"]
[Date "2021.03.30"]
[Round "7"]
[White "WiktoriaPOL"]
[Black "Bishops83"]
[Result "0-1"]
[WhiteElo "2053"]
[BlackElo "2239"]
[TimeControl "180+1"]
[EndTime "11:18:37 PDT"]
[Termination "Bishops83 won by resignation"]

1. e4 c5 2. d4 cxd4 3. c3 g6 4.
cxd4 d5 5. e5 Bg7 6. Nc3 Nc6 7.
f4 Nh6 8. Nf3 Bg4 9. Be3 Nf5 10.
Bf2 Bh6 11. Qd2 Bxf3 12. gxf3 e6 13. Be2 O-O 14. h4 f6 15. h5 fxe5 16. hxg6 Bxf4 17. gxh7+ Kh8 18. Qd3 exd4 19. Nb5 e5 20. Rh5 Nb4 21. Qb1 a6 22. Na3 d3 23. Bxd3 e4 24. fxe4 dxe4 25. Bxe4 Qd2+ 26. Kf1 Ng3+ 27. Kg1 Nxh5 28. Qe1 Qxe1+ 29.
Rxe1 Nc6 30. Bxc6 bxc6 31. Re7 Be5 32. Rxe5 Nf4 33. Re7 Nh3+ 34. Kh2 Nxf2 35. Nc4 Nd3 36. Rd7 Rad8 37. Re7 Rde8 38. Rd7 Re2+ 39. Kh3 Nf2+ 40. Kg3 Ne4+ 41. Kg4 Rg2+ 42. Kh5 Rg7 43. Ne5 Nf6+ 44. Kh6 Nxd7 45. Ng6+ Rxg6+ 46. Kxg6 Rf6+ 47. Kg5 Kxh7 48.
Kg4 c5 49. Kg5 Kg7 50. Kh5 Kf7 0-1

[Event "*** Titled Tuesday Blitz"]
[Site "Chess.com"]
[Date "2021.03.30"]
[Round "7"]
[White "Reader777"]
[Black "rasmussvane"]
[Result "1-0"]
[WhiteElo "2728"]
[BlackElo "2886"]
[TimeControl "180+1"]
[EndTime "11:18:38 PDT"]
[Termination "Reader777 won by resignation"]

1. d4 d5 2. c4 e6 3. Nc3 a6 4. cxd5 exd5 5. Bf4 Nf6 6. e3 Bd6 7. Bg3 O-O 8. Bd3 c6 9. Qc2 h6 10. Nge2 Re8 11. O-O a5 12. Rad1 Na6 13. a3 Nc7 14. Rfe1 Nh5 15. Bxd6 Qxd6 16. Ng3 Nxg3 17. hxg3 Bd7 18.
Na4 Ne6 19. Nb6 Ra7 20. Qc3 Ng5 21. Nxd7 Qxd7 22. f3 Raa8 23. Bc2 Qc7 24. Kh2 h5 25. e4 dxe4 26. fxe4 Rad8 27. Qe3 Qe7 28. e5 Rd5 29.
Bb3 Rd7 30. Rf1 Ne6 31. Rf5 Red8 32. Rdf1 Rxd4 33. Rxf7 Qxf7 34. Rxf7 Kxf7 35. Qg5 R8d5 36. Bxd5 cxd5 37. Qxh5+ Ke7 38. Qe2 Rc4 39. Qd3 Rd4 40. Qb5 Re4 41. Qxb7+ Ke8 42. Qxd5 Ng5 43. Qg8+ Ke7 44.
Qxg7+ Nf7 45. Qf6+ Ke8 46. e6 Nd6 47. e7 Rxe7 48.
Qxd6 Rh7+ 49. Kg1 Rh1+ 1-0

[Event "*** Titled Tuesday Blitz"]
[Site "Chess.com"]
[Date "2021.03.30"]
[Round "7"]
[White "RamyresCoelho"]
[Black "GMJustin"]
[Result "0-1"]
[WhiteElo "2148"]
[BlackElo "2295"]
[TimeControl "180+1"]
[EndTime "11:18:39 PDT"]
[Termination "GMJustin won on time"]

1. e4 c6 2. d4 d5 3. Nc3 dxe4 4. Nxe4 Nf6 5. Nxf6+ exf6 6. Nf3 Bd6 7. Bd3 Qe7+ 8.
Be3 f5 9. O-O f4 10. Bxf4 Bxf4 11. Re1 Be6 12. g3 Bd6 13. c4 Bb4 14. Re3 O-O 15. d5 Bc5 16. Re2 Qf6 17. dxe6 Qxf3 18. e7 Re8 19. Qb3 Qg4 20. Qxb7 Nd7 21. Qxc6 Rac8 22.
Qb7 Nf6 23. Rae1 Qd7 24. Qf3 Rxe7 25. Rxe7 Bxe7 26. Qe3 Bc5 27. Qf3 Rd8 28. Bf5 Qd2 29. Re2 Qd4 30. Kg2 g6 31. Bb1 Kg7 32. h4 Qd7 33. b3 Rb8 34. h5 Qb7 35. h6+ Kxh6 36.
Be4 Nxe4 37. Rxe4 Kg7 0-1

[Event "*** Titled Tuesday Blitz"]
[Site "Chess.com"]
[Date "2021.03.30"]
[Round "7"]
[White "DKmirl"]
[Black "chessajedrezz2020"]
[Result "0-1"]
[WhiteElo "1982"]
[BlackElo "2557"]
[TimeControl "180+1"]
[EndTime "11:18:39 PDT"]
[Termination "chessajedrezz2020 won by checkmate"]

1. d4 d5 2. c4 c6 3. Nf3 Nf6 4. g3 e6 5. Bg2 Nbd7 6. O-O Be7 7. Nbd2 O-O 8. Qc2 b6 9. e4 Bb7 10. e5 Ne8 11. cxd5 cxd5 12. Nb3 a5 13. a4 Nc7 14. h4 Na6 15. Bg5 Nb4 16. Qb1 Ba6 17. Rd1 Rc8 18. Bxe7 Qxe7 19. Ng5 g6 20. Rd2 Rc7 21. Qd1 Rfc8 22. Rc1 Bc4 23. Na1 Nf8 24.
b3 Ba6 25. Rxc7 Qxc7 26. Bf1 h6 27. Bxa6 Nxa6 28. Nh3 Nb4 29. Kg2 Qc1 30. Qxc1 Rxc1 31. Ng1 Rxa1 32. Rb2 Rc1 33. Nf3 Rc2 34. Rxc2 Nxc2 35.
Nd2 Nxd4 36. b4 axb4 37. Nf3 Nxf3 38. Kxf3 b3 39. Ke3 b2 40. Kd2 b1=Q 41. Kc3 Nd7 42.
f4 Nc5 43. a5 Qb3+ 44. Kd2 bxa5 45. f5 gxf5 46. g4 fxg4 47. h5 a4 48. Kc1 a3 49.
Kd2 a2 50. Ke2 a1=Q 51. Kd2 Qaa2+ 52. Kc1 Qbb1# 0-1

[Event "*** Titled Tuesday Blitz"]
[Site "Chess.com"]
[Date "2021.03.30"]
[Round "7"]
[White "Mr_Sinigami"]
[Black "Evgeny81"]
[Result "1/2-1/2"]
[WhiteElo "2556"]
[BlackElo "2769"]
[TimeControl "180+1"]
[EndTime "11:18:40 PDT"]
[Termination "Game drawn by repetition"]

1. d4 c5 2. d5 g6 3. e4 Bg7 4.
c4 d6 5. Nc3 e5 6. Bd3 Ne7 7.
h4 h5 8. Nge2 Nd7 9. O-O O-O 10.
a3 Nf6 11. b4 b6 12. Rb1 Nh7 13. bxc5 bxc5 14. f4 Bg4 15. Qe1 f5 16. Rb7 Rb8 17. Rxa7 Nc8 18. Rxg7+ Kxg7 19. exf5 Bxf5 20. Bxf5 Rxf5 21.
Ne4 Rb7 22. N2g3 Rf8 23. f5 Rbf7 24. fxg6 Rxf1+ 25. Nxf1 Nf6 26. Bg5 Qe8 27. Nxf6 Rxf6 28. Bxf6+ Kxf6 29. Ng3 Qxg6 30. Ne4+ Ke7 31. Qe3 Nb6 32.
Qd3 Qg4 33. g3 Na4 34. Ng5 Kd7 35. Qh7+ Kc8 36. Qh8+ Kb7 37. Qg7+ Ka6 38. Nf7 Qd1+ 39. Kg2 Qc2+ 40. Kh3 Qf5+ 41. Kh2 Qf2+ 42. Kh1 Qf1+ 43. Kh2 Nc3 44. Nxd6 Qf2+ 45. Kh1 Qf1+ 46. Kh2 Qf2+ 47. Kh1 Qf1+ 48. Kh2 1/2-1/2

[Event "*** Titled Tuesday Blitz"]
[Site "Chess.com"]
[Date "2021.03.30"]
[Round "7"]
[White "SanchezKelvin"]
[Black "MF1966Idrisov"]
[Result "1-0"]
[WhiteElo "2606"]
[BlackElo "2360"]
[TimeControl "180+1"]
[EndTime "11:18:40 PDT"]
[Termination "SanchezKelvin won by resignation"]

1. d4 Nf6 2. c4 e6 3. Nf3 d5 4. Nc3 b6 5. Bg5 Be7 6. cxd5 Nxd5 7.
Bxe7 Qxe7 8. Rc1 Bb7 9. e3 O-O 10. Bd3 Rc8 11. Qc2 h6 12. Nxd5 Bxd5 13. Bh7+ Kh8 14.
Be4 Qd6 15. Bxd5 Qxd5 16. Ne5 Kg8 17. O-O Nd7 18. Nc6 Qd6 19. e4 Nf8 20. Rfd1 Ng6 21. e5 Qd7 22. Qe4 a6 23. g3 Rf8 24. Rc3 Rac8 25. Rdc1 Ne7 26. Na7 Nd5 27. Nxc8 Nxc3 28.
Nxb6 cxb6 29. Rxc3 Rc8 30. h4 h5 31. Rd3 Qd5 32. Qxd5 exd5 33. Rc3 Rxc3 34. bxc3 Kh7 35. f3 Kg6 36. g4 b5 37. a3 a5 38. Kf2 Kh6 39.
Ke3 g6 40. Kf4 hxg4 41. fxg4 a4 42. Ke3 g5 43. hxg5+ Kxg5 44. Kf3 Kh6 45. Kf4 Kg6 46. g5 Kg7 47. Kf5 Kf8 48. Kf6 Ke8 49. g6 fxg6 50. Kxg6 Ke7 51. Kf5 1-0

[Event "*** Titled Tuesday Blitz"]
[Site "Chess.com"]
[Date "2021.03.30"]
[Round "7"]
[White "DenisQ"]
[Black "karinachess1"]
[Result "1-0"]
[WhiteElo "2652"]
[BlackElo "2491"]
[TimeControl "180+1"]
[EndTime "11:18:42 PDT"]
[Termination "DenisQ won by resignation"]

1. Nf3 Nf6 2. c4 e6 3. g3 d5 4.
Bg2 dxc4 5. Qa4+ c6 6. Qxc4 b5 7.
Qc2 Bb7 8. a4 a6 9. O-O Nbd7 10.
d4 Be7 11. Rd1 O-O 12. Nc3 b4 13. Ne4 Nxe4 14. Qxe4 Qc8 15. Ne5 Nxe5 16. dxe5 Rb8 17. Be3 c5 18. Qc4 Bxg2 19. Kxg2 Qc6+ 20. f3 Rfd8 21.
b3 Rd5 22. Rd2 Rbd8 23. Rad1 Rxd2 24. Rxd2 Rxd2 25. Bxd2 Qd5 26. Qd3 a5 27. Bc1 Qxe5 28.
Kf2 Qd4+ 29. Qxd4 cxd4 30. e4 e5 31. Ke2 f5 32. exf5 Kf7 33. Kd3 Bd8 34. Ke4 Bc7 35. g4 h6 36. h4 Ke7 37. f4 exf4 38. Bxf4 Bd8 39. Kxd4 Bb6+ 40. Kd5 Bf2 41. h5 Bb6 42. Be5 Kf7 43. Kc6 Be3 44. Kb5 Bg5 45. Kxa5 Bd8+ 1-0

[Event "*** Titled Tuesday Blitz"]
[Site "Chess.com"]
[Date "2021.03.30"]
[Round "7"]
[White "Kostukov_Alex"]
[Black "ural58"]
[Result "0-1"]
[WhiteElo "2311"]
[BlackElo "2493"]
[TimeControl "180+1"]
[EndTime "11:18:42 PDT"]
[Termination "ural58 won on time"]

1. g3 d5 2. Bg2 Nf6 3. d3 c6 4.
e4 dxe4 5. dxe4 Qxd1+ 6. Kxd1 h5 7. h4 Ng4 8. Nh3 f6 9. f3 Ne5 10. Be3 Na6 11. Nd2 Be6 12. Ke2 Nc4 13. Nf4 Bf7 14.
Nxc4 Bxc4+ 15. Kf2 Bf7 16. c3 e5 17. Nd3 O-O-O 18. Rhd1 Kb8 19. b3 Be6 20. Ke2 Be7 21. Rd2 Rd7 22. Rad1 Rhd8 23. Nf2 g6 24. Bh3 Bxh3 25.
Nxh3 Rxd2+ 26. Rxd2 b6 27. g4 Kc7 28. Rxd8 Kxd8 29.
gxh5 gxh5 30. f4 Nc7 31. f5 Ke8 32. Nf2 Nb5 33. Kd3 Kf7 34. Nh1 c5 35. Ng3 Nd6 36.
Nxh5 b5 37. Bxc5 Nxf5 38. Bxe7 Nxe7 39. Ng3 Kg6 40. a4 bxa4 41. bxa4 Nc6 42. Kc4 Nd8 43. Kb5 Ne6 44. c4 Nd4+ 45. Ka6 Nb3 0-1

[Event "*** Titled Tuesday Blitz"]
[Site "Chess.com"]
[Date "2021.03.30"]
[Round "7"]
[White "mr65"]
[Black "Perecke"]
[Result "0-1"]
[WhiteElo "2098"]
[BlackElo "2291"]
[TimeControl "180+1"]
[EndTime "11:18:42 PDT"]
[Termination "Perecke won on time"]

1. e4 c5 2. d4 cxd4 3. c3 dxc3 4.
Nxc3 d6 5. Nf3 Nc6 6. Bc4 e6 7. O-O Nf6 8. Qe2 Be7 9. Rd1 Qc7 10. Bf4 e5 11. Bg5 O-O 12. Bxf6 gxf6 13. Nd5 Qd8 14. Nh4 Nd4 15. Qh5 Be6 16. Rd3 Kh8 17. Nf5 Bxf5 18. exf5 Rg8 19. Qxf7 Rg7 20. Qh5 Rc8 21. Bb3 Nb5 22. Rad1 Nc7 23. Nxe7 Qxe7 24. Rxd6 Nb5 25. R6d2 Nd4 26. h3 Rg5 27. Qh6 Nxf5 28. Rd7 Nxh6 29. Rxe7 Nf5 30. Rf7 Nd4 31. Rxf6 Rg7 32.
Bd5 Rgc7 33. Kh2 b6 34. Be4 Kg7 35. Rd6 Rf8 36. Rd3 Ne2 37. Rd7+ Rxd7 38. Rxd7+ Kh6 0-1

[Event "*** Titled Tuesday Blitz"]
[Site "Chess.com"]
[Date "2021.03.30"]
[Round "7"]
[White "Orest_Vovk"]
[Black "guillembaches"]
[Result "1-0"]
[WhiteElo "2485"]
[BlackElo "2463"]
[TimeControl "180+1"]
[EndTime "11:18:43 PDT"]
[Termination "Orest_Vovk won on time"]

1. h3 g6 2. g4 Bg7 3. Bg2 e5 4. c4 Ne7 5. Nc3 c5 6. d3 Nbc6 7. Nf3 d6 8. Be3 h6 9. Qd2 Be6 10. O-O-O f5 11. gxf5 gxf5 12. Qe1 Nd4 13. Nh4 Qa5 14.
Bxd4 cxd4 15. Nb5 Qxe1 16. Rhxe1 Kd7 17. e3 a6 18. Na3 Nc6 19. Bxc6+ bxc6 20. exd4 exd4 21. Ng6 Rhe8 22. Nf4 Bf7 23. Nc2 Be5 24. Ne2 c5 25. f4 Bf6 26. Ng3 Rxe1 27. Nxe1 Be6 28.
Nf3 Rg8 29. Rg1 d5 30. b3 dxc4 31. bxc4 Bd8 32. Ne5+ Kc7 33. Ne2 Rxg1+ 34. Nxg1 Bh4 35.
Ng6 Bf2 36. Ne2 Bf7 37. Ne7 Bh5 38. Kd1 Be3 39. Nd5+ Kd6 40. Nxe3 dxe3 41. Ke1 Bf3 42. Ng3 Ke6 43. Nf1 Bg2 44. h4 Bxf1 45. Kxf1 Kf6 46. h5 Ke6 47. Ke2 1-0

[Event "*** Titled Tuesday Blitz"]
[Site "Chess.com"]
[Date "2021.03.30"]
[Round "7"]
[White "volunteers1998"]
[Black "Redbandit87"]
[Result "0-1"]
[WhiteElo "2191"]
[BlackElo "2376"]
[TimeControl "180+1"]
[EndTime "11:18:43 PDT"]
[Termination "Redbandit87 won by checkmate"]

1. e4 e5 2. Nc3 Nf6 3. Bc4 Nxe4 4. Qh5 Nd6 5. Bb3 Nc6 6. Nb5 g6 7. Qf3 f5 8. Qd5 Qe7 9. Nxc7+ Kd8 10. Nxa8 b6 11.
Nxb6 axb6 12. Qd3 Bb7 13. Ne2 Bg7 14. O-O f4 15. Qh3 g5 16. Qh5 Qf6 17. d3 Ne7 18. Bd2 Nef5 19. Nc3 Nd4 20. Ne4 Nxe4 21. dxe4 Bxe4 22. c3 Nf5 23. f3 Bc6 24. Qf7 Qxf7 25. Bxf7 Bf8 26. Rfe1 Bg7 27. a4 Ke7 28. Bc4 Kf6 29.
Bd3 d5 30. Bxf5 Kxf5 31. a5 b5 32. b4 Ra8 33. Re2 h5 34. Rae1 g4 35. fxg4+ hxg4 36. Rf1 Bf6 37. Rfe1 e4 38. Rf2 f3 39. Ref1 Rg8 40. Rc1 Be5 41. g3 Rh8 42. Be3 Ra8 43.
Bd4 Bd6 44. Be3 Be7 45. Bf4 Bf6 46. Rd2 Bg5 47. Bxg5 Kxg5 48. Rcd1 e3 49. Rxd5+ Bxd5 50. Rxd5+ Kf6 51. Rxb5 Rd8 52. Kf1 Rd1# 0-1

[Event "*** Titled Tuesday Blitz"]
[Site "Chess.com"]
[Date "2021.03.30"]
[Round "7"]
[White "kikydu96"]
[Black "VladimirBugayev"]
[Result "1-0"]
[WhiteElo "2479"]
[BlackElo "2285"]
[TimeControl "180+1"]
[EndTime "11:18:44 PDT"]
[Termination "kikydu96 won by resignation"]

1. e4 c6 2. d4 d5 3. Nc3 dxe4 4. Nxe4 Nf6 5. Nxf6+ exf6 6. c3 Bd6 7. Bd3 O-O 8. Qc2 Re8+ 9. Ne2 h5 10. Be3 Nd7 11.
O-O-O Nf8 12. Ng3 g6 13. Ne4 Be7 14. h3 f5 15. Nd2 Bf6 16. Nf3 Be6 17. Kb1 Qd5 18.
c4 Qa5 19. Bd2 Qc7 20. Bc3 b5 21. d5 Bxc3 22. Qxc3 cxd5 23. c5 b4 24. Qxb4 Rab8 25. Qc3 d4 26. Nxd4 Bd5 27. Rhg1 Nd7 28. c6 Ne5 29. Bc2 Nc4 30. Bb3 Nb6 31. Qc5 Bxb3 32. Nxb3 Re5 33. Qd6 Rc8 34. Qxc7 Rxc7 35. Rc1 Nd5 36.
Nd4 Nf4 37. Rge1 Nd3 38. Rxe5 Nxe5 39. Rc5 f6 40. b4 a6 41. a4 Nd3 42. Rc4 Ne5 43.
Rc3 Kf7 44. b5 axb5 45. axb5 Rc8 46. b6 Nxc6 47. Rxc6 Rb8 48. Rc7+ Ke8 49. b7 Kd8 50. Ne6+ Ke8 51. Rc8+ 1-0

[Event "*** Titled Tuesday Blitz"]
[Site "Chess.com"]
[Date "2021.03.30"]
[Round "7"]
[White "kakorrhaphiophobie"]
[Black "PawnEatingZombie"]
[Result "1-0"]
[WhiteElo "2346"]
[BlackElo "2191"]
[TimeControl "180+1"]
[EndTime "11:18:44 PDT"]
[Termination "kakorrhaphiophobie won on time"]

1. d4 d5 2. c4 e6 3. Nf3 dxc4 4. e3 b5 5. a4 c6 6. b3 Bb4+ 7. Bd2 Bxd2+ 8. Qxd2 a5 9. bxc4 b4 10. Bd3 Nf6 11. O-O c5 12. Qc2 Bb7 13. Nbd2 Nbd7 14. Ne4 Qc7 15. Nfd2 O-O 16. Rac1 Rfd8 17. Nb3 Nxe4 18.
Bxe4 Bxe4 19. Qxe4 Nf6 20. Qc2 cxd4 21. Nxd4 Ng4 22.
g3 Ne5 23. c5 Rac8 24. Qe4 Nc6 25. Nb5 Qe7 26. Nd6 Rc7 27. Rfd1 f5 28. Qc4 Kh8 29. Kg2 h5 30. Nb5 Rcd7 31. Rxd7 Qxd7 32. Nd4 Nxd4 33. exd4 Qc6+ 34. f3 Rd5 35. Qb5 Qc7 36. Qe8+ Kh7 37. Qxh5+ Kg8 38. Qe8+ Kh7 39. Qxe6 Rxd4 40. Qxf5+ Kh8 41.
Qf8+ Kh7 42. Qf5+ Kh8 43. Rc2 Rd8 44. c6 Qd6 45. Re2 Qd1 46. Re4 Qd2+ 47. Kh3 1-0

[Event "*** Titled Tuesday Blitz"]
[Site "Chess.com"]
[Date "2021.03.30"]
[Round "7"]
[White "Sam_ChessMood"]
[Black "olksuna"]
[Result "1-0"]
[WhiteElo "2874"]
[BlackElo "2681"]
[TimeControl "180+1"]
[EndTime "11:18:45 PDT"]
[Termination "Sam_ChessMood won on time"]

1. Nf3 Nf6 2. d4 e6 3. c4 b6 4. a3 Bb7 5. Bf4 d6 6. Nc3 Nbd7 7. Qc2 g6 8. e4 Bg7 9. O-O-O O-O 10.
h3 Qe8 11. Be3 e5 12. d5 Nc5 13. g4 a5 14. g5 Nh5 15. h4 Nf4 16. h5 Nxh5 17.
Bh3 Bc8 18. Rdg1 a4 19. Kb1 Nf4 20. Bxc8 Qxc8 21. Rh2 f5 22. gxf6 Rxf6 23. Rgh1 Qg4 24. Ne1 h5 25. f3 Qd7 26. Rg1 Qf7 27. Nb5 Nb3 28. Ka2 Rf8 29. Qd1 Bh6 30. Bxf4 Rxf4 31. Rxh5 Kh7 32. Rh3 Rh8 33. Nd3 Rf6 34. f4 exf4 35.
e5 dxe5 36. Nxe5 Qe7 37. Ng4 g5 38. Qd3+ Kg7 39. Nd4 Nxd4 40. Qxd4 Kg6 41. Rgh1 Bg7 42. Qd3+ 1-0